 Dungeon Crawl Stone Soup version 0.31.0 (webtiles) character file.

Game seed: 12196410825602474833

92 qw the Shooter (level 4, -4/28 HPs)
             Began as a Gargoyle Hunter on Jan 20, 2024.
             Slain by Terence
             ... wielding a +0 flail of protection
              (9 damage)
             ... on level 2 of the Dungeon.
             The game lasted 00:00:05 (1367 turns).

qw the Shooter (Gargoyle Hunter)                    Turns: 1367, Time: 00:00:06

Health: -4/28      AC:  8    Str: 15    XL:     4   Next: 60%
Magic:  4/4        EV: 11    Int:  9    God:
Gold:   213        SH:  0    Dex: 15    Spells: 3/3 levels left

rFire   . . .        a - +0 shortbow
rCold   . . .        (shield currently unavailable)
rNeg    + . .        c - +0 leather armour
rPois   inf          f - +1 helmet
rElec   +            (no cloak)
rCorr   .            (no gloves)
SInv    .            (no boots)
Will    .....        (no amulet)
Stlth   ++           (no ring)
HPRegen 0.24/turn    (no ring)
MPRegen 0.09/turn

%: no passive effects
@: no status effects
A: sickness immunity, AC +3, negative energy resistance 1, electricity
resistance, torment resistance 1, petrification resistance
a: no special abilities


You were on level 2 of the Dungeon.
You visited 1 branch of the dungeon, and saw 2 of its levels.

You collected 213 gold pieces.


Innate Abilities, Weirdness & Mutations

You are immune to sickness and miasma.
Your stone body is resilient. (AC +3)
You are immune to poison.
You resist negative energy. (rN+)
You are resistant to electric shocks. (rElec)
You are resistant to unholy torment.
You are immune to petrification.


   Skills:
 - Level 3.1 Fighting
 + Level 5.4 Ranged Weapons
 - Level 1.5 Dodging
 - Level 1.1 Stealth


You had 3 spell levels left.
You didn't know any spells.
Your spell library was empty.

Inventory:

Hand Weapons
 a - a +0 shortbow (weapon)
Armour
 c - a +0 leather armour (worn)
 f - a +1 helmet (worn)
 l - a +0 ring mail
Scrolls
 b - a scroll of vulnerability {unknown}
 g - 2 scrolls of revelation {unknown}
 i - a scroll of enchant armour {unknown}
 j - a scroll of noise {unknown}
Potions
 d - a potion of might {unknown}
 e - a potion of curing
 h - a potion of ambrosia {unknown}
 k - 2 potions of degeneration {unknown}
 m - a potion of invisibility {unknown}

Dungeon Overview and Level Annotations

Branches:
Dungeon (2/15)

Altars:
Ru

Annotations:
D:2 Terence


Message History

You shoot an arrow. The arrow barely misses Terence.
Terence misses you.
Terence hits you with a +0 flail of protection.
You shoot an arrow. The arrow closely misses Terence.
Terence closely misses you.
You shoot an arrow. The arrow hits Terence!
Terence is severely wounded.
Terence closely misses you.
You shoot an arrow. The arrow barely misses Terence.
Terence hits you but does no damage.
You shoot an arrow.
The arrow hits Terence but does no damage.
Terence is severely wounded.
Terence hits you with a +0 flail of protection.
Terence closely misses you.
You shoot an arrow. The arrow barely misses Terence.
Terence barely misses you.
You shoot an arrow.
The arrow hits Terence but does no damage.
Terence is severely wounded.
Terence asks, "Do you want it fast or slow?"
Terence hits you with a +0 flail of protection.
You shoot an arrow.
The arrow hits Terence but does no damage.
Terence is severely wounded.
Terence completely misses you.
You shoot an arrow. The arrow hits Terence!
Terence is almost dead.
Terence hits you with a +0 flail of protection.
You shoot an arrow. The arrow closely misses Terence.
Terence hits you but does no damage.
You shoot an arrow. The arrow barely misses Terence.
Terence barely misses you.
Terence hits you with a +0 flail of protection.
You shoot an arrow.
The arrow hits Terence but does no damage.
Terence is almost dead.
Terence hits you with a +0 flail of protection!
You die...
Terence says, "That felt goooood."

#.# #.# #.# #.#
######.#
###......####
............#
..#......#.#
#@.....# #
#@...).#
..........(.#
.............#
.....#..#...#.#
.....#..#._.#.#
.###$#..#...#.#
. ........ #


You could see Terence.

Vanquished Creatures
  4 adders (D:2)
  2 dart slugs
  A ribbon worm (D:2)
  4 endoplasms (D:1)
  4 giant cockroaches (D:1)
  4 goblins
  4 hobgoblins
  2 jackals (D:2)
  5 kobolds
  2 quokkas (D:2)
  8 ball pythons
  4 bats
  3 frilled lizards (D:1)
  A rat (D:2)
48 creatures vanquished.

Notes
Turn   | Place    | Note
-------+----------+-------------------------------------------
     0 | D:1      | qw the Gargoyle Hunter began the quest for the Orb.
     0 | D:1      | Reached XP level 1. HP: 12/12 MP: 1/1
     0 | D:1      | 0 ||| qw: Version: 0.3-a-132-g3d54051
     0 | D:1      | 0 ||| qw: Game counter: 481
     0 | D:1      | 0 ||| qw: Melee chars always use a shield: true
     0 | D:1      | 0 ||| qw: God list: Okawaru
     0 | D:1      | 0 ||| qw: Allow faded altars: false
     0 | D:1      | 0 ||| qw: Do Orc after clearing Dungeon:15 true
     0 | D:1      | 0 ||| qw: Do second Lair branch before Depths: true
     0 | D:1      | 0 ||| qw: Lair rune preference: random
     0 | D:1      | 0 ||| qw: Goals: Normal
     0 | D:1      | 0 ||| PLANNING D:1-11
   126 | D:1      | Reached XP level 2. HP: 17/17 MP: 2/2
   287 | D:1      | Reached XP level 3. HP: 21/21 MP: 3/3
   300 | D:1      | Reached skill level 5 in Ranged Weapons
   598 | D:1      | 598 ||| UPGRADING to +1 helmet.
   603 | D:1      | 603 ||| DRINKING 2 red potions.
   604 | D:1      | 604 ||| DROPPING scroll of butterflies.
   703 | D:2      | Found a sacrificial altar of Ru.
   809 | D:2      | Reached skill level 3 in Fighting
   873 | D:2      | Reached XP level 4. HP: 23/28 MP: 4/4
   873 | D:2      | 873 ||| FLEEEEING.
  1336 | D:2      | Found a faded altar of an unknown god.
  1344 | D:2      | Noticed Terence
  1366 | D:2      | HP: 5/28 [Terence/+0 flail of protection (6)]
  1367 | D:2      | Slain by Terence

Levels and vault maps discovered:
D:1:      orjb1_lava_funnel, layout_rooms, minmay_unequal
D:2:      kennysheep_six_static_rooms, layout_basic,
          hellmonk_ecumenical_altar_lost_god, basic_altar, uniq_terence

Skill      XL: |  1  2  3 |
---------------+----------+-----
Ranged Weapons | 5 |  5.4
Fighting       | 3 |  3.1
Dodging        | |  1.5
Stealth        | |  1.1

Action                     |  1- 3 |  4- 6 || total
---------------------------+-------+-------++-------
   Fire: Shortbow          |   137 |    46 ||   183
    Use: Potion            |     1 |       ||     1
 Armour: Leather armour    |    50 |    16 ||    66
  Dodge: Dodged            |    29 |    17 ||    46

Table legend:
 A = Non-vault XP
 B = Vault XP
 C = Vault XP percentage of total XP
 D = Non-vault monster count
 E = Vault monster count
 F = Vault count percentage of total count
                 A         B        C        D         E       F
            +---------+---------+-------+---------+---------+-------
      Total |     107 |      25 |  18.9 |      39 |       9 |  18.8
            +---------+---------+-------+---------+---------+-------
        D:1 |      45 |       5 |  10.0 |      25 |       3 |  10.7
        D:2 |      62 |      20 |  24.4 |      14 |       6 |  30.0
            +---------+---------+-------+---------+---------+-------
